 Dungeon Crawl Stone Soup version 0.23-a0-814-g91b4073 (console) character file.

68 bli the Insei (level 4, -4/32 HPs)
             Began as a Demonspawn Transmuter on Jan 21, 2019.
             Was a Follower of Wu Jian.
             Slain by an ogre
             ... wielding a +0 giant club
              (24 damage)
             ... on level 2 of the Dungeon.
             The game lasted 00:06:28 (1724 turns).

bli the Insei (Demonspawn Transmuter)               Turns: 1724, Time: 00:06:29

Health: -4/32      AC:  5    Str: 10    XL:     4   Next: 1%
Magic:  6/7        EV: 12    Int: 14    God:    Wu Jian [*.....]
Gold:   65         SH:  0    Dex: 15    Spells: 6/7 levels left

rFire    . . .     SeeInvis .     - Unarmed
rCold    . . .     Gourm    +   (no shield)
rNeg     . . .     Faith    .   b - +0 robe
rPois    .         Spirit   .   (no helmet)
rElec    .         Reflect  .   (no cloak)
rCorr    .         Harm     .   (no gloves)
MR       .....                  m - +0 pair of boots
Stlth    +.........             c - amulet of the gourmand
HPRegen  0.10/turn              (no ring)
MPRegen  0.10/turn              (no ring)

@: appendage
A: claws 1, horns 2, slimy green scales 1
a: End Transformation, Renounce Religion


You were on level 2 of the Dungeon.
You worshipped Wu Jian.
Wu Jian was aware of your devotion.
You were completely stuffed.
You had grown temporary horns.
You visited 1 branch of the dungeon, and saw 2 of its levels.

You collected 65 gold pieces.

Inventory:

Missiles
 a - 12 arrows
 o - 49 sling bullets
Armour
 b - a +0 robe (worn)
 i - a +0 helmet
 m - a +0 pair of boots (worn)
Jewellery
 c - an amulet of the gourmand (around neck)
Scrolls
 h - a scroll of identify {unknown}
 j - a scroll of remove curse {unknown}
 n - a scroll of enchant armour {unknown}
Potions
 g - 2 potions of curing {unknown}
 k - a potion of haste {unknown}
 l - a potion of mutation {unknown}
 p - a potion of lignification {unknown}
Comestibles
 d - 2 rations
 f - 10 chunks of flesh


   Skills:
 * Level 1.2 Fighting
 + Level 2.0 Dodging
 * Level 4.1 Unarmed Combat
 - Level 2.0 Spellcasting
 - Level 2.0 Transmutations


You had 6 spell levels left.
You knew the following spells:

 Your Spells              Type           Power        Failure   Level  Hunger
a - Beastly Appendage     Tmut           #.....       11%         1    ##.....

Your spell library contained the following spells:

 Spells                   Type           Power        Failure   Level  Hunger
 Sticks to Snakes         Tmut           #.......     16%         2    ###....
 Spider Form              Tmut/Pois      #.........   43%         3    ####...
 Ice Form                 Ice/Tmut       #.......     83%         4    #####..
 Blade Hands              Tmut           #.........   96%         5    ######.


Dungeon Overview and Level Annotations

Branches:
Dungeon (2/15)

Altars:
Wu Jian


Innate Abilities, Weirdness & Mutations

You have sharp fingernails.
You are partially covered in slimy green scales. (AC +2)
You have a pair of horns on your head.


Message History

The ogre is moderately wounded.
You scratch the ogre.
The ogre is heavily wounded.
The ogre hits you with a +0 giant club.
You scratch the ogre.
The ogre is heavily wounded.
The ogre misses you.
You closely miss the ogre.
The ogre is heavily wounded.
You scratch the ogre. You claw the ogre.
The ogre is heavily wounded.
The ogre closely misses you.
You scratch the ogre. You headbutt the ogre.
The ogre is almost dead.
The ogre closely misses you.
You scratch the ogre.
The ogre is almost dead.
The ogre hits you with a +0 giant club!!
Ouch! That really hurt!
You die...

########### ####.....##...
####.............
#................
###.##.............
##...##...........รท.
###..###..............
###(..O@................
##....##.................
#...##...###.............
../g...........#........##...
.(..................####..<##
.....#.##...................>
.....#.#................#####
.... ...................#
#### .# #.#.....###...### #
.. #.(....###.......# #
.....##.###........###


You could see an ogre.

Vanquished Creatures
  An adder (D:2)
  A worm (D:2)
  3 dart slugs (D:1)
  A leopard gecko (D:1)
  4 giant cockroaches (D:1)
  3 goblins (D:1)
  6 hobgoblins
  8 jackals
  A quokka (D:2)
  2 bats
  4 frilled lizards
  4 kobolds
  8 rats
46 creatures vanquished.

Notes
Turn   | Place    | Note
-------+----------+-------------------------------------------
     0 | D:1      | bli the Demonspawn Transmuter began the quest for the Orb.
     0 | D:1      | Reached XP level 1. HP: 15/15 MP: 3/3
    86 | D:1      | Reached skill level 3 in Unarmed Combat
    97 | D:1      | Gained mutation: You have sharp fingernails. [demonic
                  | ancestry]
    97 | D:1      | Reached XP level 2. HP: 5/21 MP: 3/5
   670 | D:1      | Reached XP level 3. HP: 26/26 MP: 6/6
  1241 | D:2      | Reached skill level 4 in Unarmed Combat
  1510 | D:2      | Found a faded altar of an unknown god.
  1518 | D:2      | Became a worshipper of the Wu Jian Council
  1518 | D:2      | Reached * piety under Wu Jian
  1590 | D:2      | Gained mutation: You are partially covered in slimy green
                  | scales. (AC +2) [demonic ancestry]
  1590 | D:2      | Reached XP level 4. HP: 20/32 MP: 5/7
  1615 | D:2      | Noticed an ogre
  1724 | D:2      | Slain by an ogre

Vault maps used:
D:1:      tarquinn_simple_flora_water_e
D:2:      chequers_ecumenical_altar_simple, first_ration

Skill      XL: |  1  2  3 |
---------------+----------+-----
Unarmed Combat | 3 4 |  4.1
Transmutations | 2 |  2.0
Dodging        | 2 |  2.0
Fighting       | |  1.2
Spellcasting   | |  2.0

Action                   |  1- 3 |  4- 6 || total
-------------------------+-------+-------++-------
Melee: Unarmed           |   149 |     8 ||   157
       Kick              |    10 |       ||    10
       Headbutt          |     6 |     2 ||     8
       Punch             |       |     1 ||     1
Throw: Stone             |       |     3 ||     3
 Cast: Beastly Appendage |    14 |     1 ||    15
Invok: Lunge             |     1 |       ||     1
 Stab: Sleeping          |     1 |       ||     1
  Eat: Chunk             |    18 |     1 ||    19
Armor: Robe              |    29 |       ||    29
Dodge: Dodged            |    94 |     3 ||    97

Table legend:
 A = Non-vault XP
 B = Vault XP
 C = Vault XP percentage of total XP
 D = Non-vault monster count
 E = Vault monster count
 F = Vault count percentage of total count
                 A         B        C        D         E       F
            +---------+---------+-------+---------+---------+-------
      Total |      98 |       0 |   0.0 |      46 |       0 |   0.0
            +---------+---------+-------+---------+---------+-------
        D:1 |      65 |       0 |   0.0 |      35 |       0 |   0.0
        D:2 |      33 |       0 |   0.0 |      11 |       0 |   0.0
            +---------+---------+-------+---------+---------+-------
